 Dungeon Crawl Stone Soup version 0.26-a0-940-gf7e0b5f775 (webtiles) character file.

Game seed: 9156076047209317395

2835 LufLufFighter the Transmogrifier (level 9, -9/72 HPs)
             Began as a Merfolk Transmuter on Nov 27, 2020.
             Was a Follower of Vehumet.
             Shot with an arrow by a centaur (14 damage)
             ... on level 8 of the Dungeon.
             The game lasted 00:13:28 (9787 turns).

LufLufFighter the Transmogrifier (MfTm)             Turns: 9787, Time: 00:13:28

Health: -9/72      AC:  4    Str: 13    XL:     9   Next: 73%
Magic:  18/18      EV: 13    Int: 14    God:    Vehumet [*.....]
Gold:   624        SH:  0    Dex: 21    Spells: 5/20 levels left

rFire    . . .     SeeInvis .     - Unarmed
rCold    . . .     Faith    .   (no shield)
rNeg     . . .     Spirit   .   a - +0 robe
rPois    .         Reflect  .   (no helmet)
rElec    +         Harm     .   p - +0 cloak
rCorr    .         Rampage  .   (no gloves)
MR       +....                  f - +0 pair of boots
Stlth    ++........             (no amulet)
HPRegen  0.22/turn              b - ring of wizardry
MPRegen  0.16/turn              z - ring of Wexofuro {*Corrode rElec MR+ Int+2 Dex+6}

@: lethally poisoned (-9 -> -10)
A: change form in water, swift swim, stealthy swim
a: Renounce Religion


You were on level 8 of the Dungeon.
You worshipped Vehumet.
Vehumet was aware of your devotion.
You visited 2 branches of the dungeon, and saw 9 of its levels.

You collected 624 gold pieces.

Inventory:

Armour
 a - a +0 robe (worn)
 f - a +0 pair of boots (worn)
 p - a +0 cloak (worn)
Jewellery
 b - a ring of wizardry (left hand)
 z - the ring of Wexofuro (right hand) {*Corrode rElec MR+ Int+2 Dex+6}
   (You found it on level 8 of the Dungeon)

   [ring of dexterity]

   It affects your intelligence (+2).
   It affects your dexterity (+6).
   It insulates you from electricity.
   It affects your resistance to hostile enchantments.
   It may corrode you when you take damage.
Wands
 t - a wand of random effects (10)
 u - a wand of iceblast (15)
 x - a wand of flame (25)
Scrolls
 g - 5 scrolls of remove curse
 i - a scroll of magic mapping
 l - a scroll of immolation {unknown}
 o - 2 scrolls of enchant weapon {unknown}
 q - 3 scrolls of teleportation
 r - 3 scrolls of fog {unknown}
 s - a scroll of enchant armour
 w - a scroll of holy word
 y - a scroll of identify
Potions
 c - a potion of ambrosia
 d - a potion of degeneration {unknown}
 e - a potion of mutation {unknown}
 h - a potion of resistance
 k - a potion of brilliance
 m - a potion of haste
 v - a potion of magic {unknown}


   Skills:
 * Level 7.4 Fighting
 - Level 2.6 Dodging
 - Level 3.2 Unarmed Combat
 * Level 6.4 Spellcasting
 * Level 9.2 Transmutations
 - Level 4.6 Ice Magic
 - Level 3.9 Poison Magic


You had 5 spell levels left.
You knew the following spells:

 Your Spells              Type           Power        Failure   Level
a - Beastly Appendage     Tmut           ####..       1%          1
b - Wereblood             Tmut           ####....     1%          2
c - Spider Form           Tmut/Pois      ###.......   1%          3
d - Ice Form              Ice/Tmut       ###.....     3%          4
e - Blade Hands           Tmut           ####......   4%          5

Your spell library contained the following spells:

 Spells                   Type           Power        Failure   Level
 Sandblast                Erth           #.....       6%          1


Dungeon Overview and Level Annotations

Branches:
Dungeon (8/15)             Temple (1/1) D:5
   Lair: D:8-11

Altars:
Ashenzari
Cheibriados
Dithmenos
Elyvilon
Fedhas
Gozag
Hepliaklqana
Kikubaaqudgha
Makhleb
Nemelex Xobeh
Okawaru
Qazlal
Ru
Sif Muna
Trog
Uskayaw
Vehumet
Wu Jian
Xom
Yredelemnul
Zin
The Shining One

Shops:
D:4 (   D:5 }   D:6 [

Annotations:
D:8 exclusion: two-headed ogre


Message History

You feel sick. The centaur closely misses you. The centaur misses you.
You slash the centaur!
You kill the centaur!
Vehumet accepts your kill.
You feel sick.
You start resting.
Magic restored.
You feel sick.
You start resting.
You feel sick. x4
Your hands revert to their normal proportions.
You feel sick.
You start resting.
You feel sick. x3
A centaur comes into view.
A centaur is nearby!
A centaur is nearby!
You feel sick.
The centaur shouts!
The centaur wields a +0 shortbow.
The centaur shoots an arrow.
The arrow closely misses you.
You feel sick.
The centaur shoots an arrow.
The arrow hits you!
You die...

#.........#.#.
#.......≈.≈.
##..>...≈≈≈.
##.....c...
##........
##........
#...##....
#).## ##..
##.@# #. #(.##
####


You could see a centaur.

Vanquished Creatures
  Maggie (D:7)
  A wyvern (D:8)
  An orc warrior (D:6)
  An ice beast (D:6)
  5 ogres
  3 necrophages
  2 centaurs
  A bullfrog (D:6)
  A wyvern zombie (D:7)
  A scorpion (D:4)
  A killer bee (D:8)
  6 wights
  2 howler monkeys
  A jelly (D:7)
  A centaur zombie (D:2)
  2 hounds
  4 orc wizards
  2 bullfrog zombies (D:8)
  5 orc priests
  A bullfrog skeleton (D:4)
  2 iguanas
  3 worker ants
  Robin (D:4)
  A worker ant zombie (D:6)
  6 adders
  A shadow imp (D:6)
  An ufetubus (D:6)
  An adder zombie (D:5)
  An adder skeleton (D:5)
  A worm (D:3)
  2 dart slugs (D:1)
  5 leopard geckos
  20 orcs
  10 giant cockroaches
  25 goblins
  6 hobgoblins
  7 jackals
  4 quokkas
  7 bats
  7 frilled lizards
  A jackal skeleton (D:4)
  7 kobolds
  A quokka skeleton (D:4)
  8 rats
170 creatures vanquished.

Vanquished Creatures (others)
  A bush (D:8)
  4 fungi (D:8)
  3 plants (D:8)
8 creatures vanquished.

Grand Total: 178 creatures vanquished

Notes
Turn   | Place    | Note
-------+----------+-------------------------------------------
     0 | D:1      | LufLufFighter the Merfolk Transmuter began the quest for
                  | the Orb.
     0 | D:1      | Reached XP level 1. HP: 15/15 MP: 3/3
   217 | D:1      | Reached skill level 3 in Transmutations
   236 | D:1      | Reached XP level 2. HP: 7/21 MP: 3/5
   838 | D:1      | Learned a level 2 spell: Wereblood
  1151 | D:1      | Reached XP level 3. HP: 8/27 MP: 3/6
  1155 | D:1      | Learned a level 3 spell: Spider Form
  1654 | D:2      | Reached skill level 1 in Poison Magic
  1654 | D:2      | Reached XP level 4. HP: 20/34 MP: 1/7
  1970 | D:2      | Reached skill level 4 in Transmutations
  2459 | D:3      | Reached XP level 5. HP: 40/40 MP: 5/9
  3517 | D:3      | Noticed an ogre
  3540 | D:3      | Killed an ogre
  3541 | D:3      | Reached XP level 6. HP: 46/47 MP: 7/10
  3551 | D:3      | Learned a level 4 spell: Ice Form
  3978 | D:4      | Found Mavvad's Antique Weapon Shop.
  4024 | D:4      | Reached skill level 1 in Ice Magic
  4150 | D:4      | Reached skill level 5 in Transmutations
  4223 | D:4      | Found a shimmering altar of Xom.
  4340 | D:4      | Reached XP level 7. HP: 53/53 MP: 7/12
  4597 | D:4      | Noticed Robin
  4669 | D:4      | Killed Robin
  5081 | D:5      | Entered Level 5 of the Dungeon
  5397 | D:5      | Found Witamy's Gadget Shop.
  5631 | D:5      | Found a staircase to the Ecumenical Temple.
  5648 | D:5      | Reached skill level 6 in Transmutations
  5652 | D:5      | Reached XP level 8. HP: 8/61 MP: 3/14
  6051 | Temple   | Entered the Ecumenical Temple
  6158 | Temple   | Became a worshipper of Vehumet
  6327 | D:5      | Learned a level 5 spell: Blade Hands
  6617 | D:6      | Found Wenneh's Antique Armour Emporium.
  7048 | D:6      | Reached skill level 5 in Fighting
  7437 | D:6      | Reached skill level 7 in Transmutations
  7488 | D:6      | Reached skill level 5 in Spellcasting
  7681 | D:6      | Found a hazy altar of Hepliaklqana.
  7708 | D:6      | Found a shimmering blue altar of Sif Muna.
  8088 | D:7      | Noticed Maggie
  8274 | D:7      | Reached XP level 9. HP: 69/69 MP: 12/16
  8516 | D:7      | Reached * piety under Vehumet
  8516 | D:7      | Offered knowledge of Sandblast by Vehumet.
  8556 | D:7      | Found a shadowy altar of Dithmenos.
  9156 | D:7      | Killed Maggie
  9157 | D:7      | Reached skill level 8 in Transmutations
  9266 | D:8      | Found a blossoming altar of Fedhas.
  9268 | D:8      | Found a stormy altar of Qazlal.
  9281 | D:8      | Noticed a two-headed ogre
  9428 | D:8      | Got a wavering amber ring
  9430 | D:8      | Identified the ring of Wexofuro {*Corrode rElec MR+ Int+2
                  | Dex+6} (You found it on level 8 of the Dungeon)
  9696 | D:8      | Reached skill level 9 in Transmutations
  9787 | D:8      | Shot with an arrow by a centaur

Illustrated notes

Levels and vault maps discovered:
D:1:      dpeg_arrival_three_smaller_balls, layout_rooms
D:2:      layout_basic
D:3:      layout_basic, chequers_serial_rivers_room_b, minmay_ogre_servants
D:4:      layout_gridville, old_standard_altar, serial_shops, shop_fountains,
          uniq_robin
D:5:      layout_loops_ring, minmay_temple_entry_junction, serial_shops,
          kennysheep_little_box
D:6:      layout_basic, marbit_many_paths, nicolae_overflow_crystal_walls,
          serial_shops, shop_fountains
D:7:      layout_basic, nicolae_dithmenos_through_a_glass_darkly, uniq_maggie
D:8:      lemuel_bear_cage, layout_layer_cave,
          grunt_temple_overflow_forces_of_nature, erik_lair_orcish_takeover,
          serial_shops, nicolae_shop_waterfront, serial_undead, serial_undead_b,
          serial_undead_c, serial_undead_c, serial_undead_b,
          kb_lookout_dungeons_type, serial_bayou_ford_a
Temple:   eino_temple_scatter_basement

Skill      XL: |  1  2  3  4  5  6  7  8  9 |
---------------+----------------------------+-----
Transmutations | 3 4 5 6 7 9 |  9.2
Fighting       | 2 3 4 6 7 |  7.4
Poison Magic   | 1 2 3 |  3.9
Spellcasting   | 3 4 5 6 |  6.4
Ice Magic      | 1 2 4 |  4.6
Dodging        | |  2.6
Unarmed Combat | |  3.2

Action                   |  1- 3 |  4- 6 |  7- 9 || total
-------------------------+-------+-------+-------++-------
Melee: Unarmed           |   145 |   129 |   220 ||   494
       Headbutt          |    13 |     4 |       ||    17
       Punch             |     1 |       |     2 ||     3
 Cast: Beastly Appendage |    19 |    12 |       ||    31
       Spider Form       |     2 |    15 |    10 ||    27
       Ice Form          |       |     1 |    17 ||    18
       Blade Hands       |       |       |    14 ||    14
  Use: Scroll            |       |     3 |    10 ||    13
       Potion            |       |     2 |     2 ||     4
 Stab: Sleeping          |       |     2 |       ||     2
Armor: Robe              |    28 |     7 |    11 ||    46
       Skin              |       |     6 |    12 ||    18
Dodge: Dodged            |   126 |    88 |   152 ||   366

Table legend: (Time is in decaauts)
 A = Elapsed time spent in this place.
 B = Non-inter-level travel time spent in this place.
 C = Inter-level travel time spent in this place.
 D = Time resting spent in this place.
 E = Time spent auto-exploring this place.
 F = Levels seen in this place.
 G = Mean time per level.
                   A        B        C        D        E       F      G
               +--------+--------+--------+--------+--------+-----+--------+
         Total |   9757 |   9352 |    405 |   1678 |   6359 |   9 | 1084.1 |
       Dungeon |   9594 |   9207 |    387 |   1678 |   6231 |   8 | 1199.2 |
        Temple |    162 |    144 |     18 |      0 |    128 |   1 |  162.0 |
               +--------+--------+--------+--------+--------+-----+--------+

Top non-repeatable levels by time:
     D:6: 1605 daAuts
     D:1: 1579 daAuts
     D:4: 1490 daAuts
     D:3: 1380 daAuts
     D:7: 1135 daAuts
     D:5: 1041 daAuts
     D:2: 841 daAuts
     D:8: 521 daAuts
  Temple: 162 daAuts
